Map: Beckett Industries LE

Players

Warthog - Winner!

  • Race: Terran Terran
  • League: Diamond
  • Spawn Location: 1:00

KillerClowns

  • Race: Zerg Zerg
  • League: Diamond
  • Spawn Location: 7:00

VOD

Have the link to the VOD?

Description

Time

  • Played on: Nov. 16, 2021, 6:54 p.m.
  • Length: 2:27
Show
View Real Time Build Order
Export as new Build Order

Warthog Terran - Winner!

Build Orders: Reaper Expand 

Get SALT Encoding   

  12  0:00  SCV  
  13  0:12  SCV  
  14  0:17  Supply Depot  
  14  0:25  SCV  
  15  0:39  SCV  
  15  0:40  Barracks  
  16  0:46  Refinery  
  16  0:55  SCV  
  17  1:07  SCV  
  18  1:19  SCV  
  19  1:30  Reaper  
  20  1:32  Orbital Command  
  20  1:44  Command Center  
  20  1:56  Supply Depot  
  20  1:58  SCV  
  21  2:02  Marine  
  22  2:10  SCV  
  23  2:19  Factory  
Show
View Real Time Build Order
Export as new Build Order

KillerClowns Zerg 

Build Orders: Hatch First 

Get SALT Encoding   

  12  0:00  Drone  
  13  0:30  Hatchery  
  13  0:35  Drone  
  13  0:39  Drone  
  14  0:56  Spawning Pool  
  13  1:00  Drone  
  14  1:07  Overlord  
  14  1:16  Overlord  
  14  1:26  Drone x2  
  16  1:33  Drone  
  17  1:48  Extractor  
  17  1:49  Drone x2  
  17  1:50  Queen  
  20  1:54  Drone  
  20  1:55  Drone  
  22  2:06  Drone  
  23  2:08  Drone  
Tags
 
Add a new tag
Caveats
  • Supply blocks, unpowered buildings, or Contaminate may cause inaccurate times.
  • Supply counts are checked every 10 seconds.